 Dungeon Crawl Stone Soup version 0.24-a0-183-g8902462 (webtiles) character file.

Game seed: 1144708052282955895

1507 Borgoz the Grappler (level 8, 0/68 HPs)
             Began as a Ghoul Monk on Mar 15, 2019.
             Slain by an ice beast (6 damage)
             ... on level 6 of the Dungeon.
             The game lasted 00:11:12 (4743 turns).

Borgoz the Grappler (Ghoul Monk)                    Turns: 4743, Time: 00:11:12

Health: 0/68       AC:  4    Str: 15    XL:     8   Next: 82%
Magic:  7/7        EV: 14    Int:  5    God:
Gold:   265        SH:  0    Dex: 13    Spells: 7/7 levels left

rFire    . . .     SeeInvis .     - Unarmed
rCold    + . .     Gourm    .   (no shield)
rNeg     + + +     Faith    .   a - +0 robe
rPois    ∞         Spirit   .   m - +2 hat
rElec    .         Reflect  .   (no cloak)
rCorr    .         Harm     .   (no gloves)
MR       .....                  (no boots)
Stlth    +++.......             (no amulet)
HPRegen  0.00/turn              (no ring)
MPRegen  0.10/turn              (no ring)

@: rotting
A: rotting body, claws 1, carnivore, cold resistance 1, negative energy
resistance 3, inhibited regeneration, torment resistance, unbreathing
a: no special abilities


You were on level 6 of the Dungeon.
You were not hungry.

You visited 1 branch of the dungeon, and saw 6 of its levels.

You collected 265 gold pieces.

Inventory:

Hand Weapons
 p - a +2 short sword of venom
Missiles
 i - 3 poisoned tomahawks (quivered)
 l - 2 needles of frenzy
 n - 5 tomahawks
 w - 6 javelins
 x - 25 poisoned needles
Armour
 a - a +0 robe (worn)
 m - a +2 hat (worn)
Jewellery
 k - an uncursed ring of fire
Wands
 f - a wand of polymorph (8)
Scrolls
 c - 3 scrolls of remove curse
 e - a scroll of blinking {unknown}
 g - 2 scrolls of teleportation {unknown}
 h - 3 scrolls of noise {unknown}
 q - a scroll of fog {unknown}
 s - a scroll of immolation {unknown}
 v - 2 scrolls of identify
 y - a scroll of enchant armour {unknown}
Potions
 d - a potion of heal wounds
 j - a potion of brilliance {unknown}
 o - a potion of might
 r - 2 potions of flight
 t - a potion of magic {unknown}
 u - a potion of curing
 A - a potion of haste {unknown}
Comestibles
 b - 10 rations


   Skills:
 + Level 5.0 Fighting
 + Level 5.2 Dodging
 + Level 5.2 Stealth
 + Level 9.2 Unarmed Combat


You had 7 spell levels left.
You didn't know any spells.
Your spell library was empty.

Dungeon Overview and Level Annotations

Branches:
Dungeon (6/15)
 Temple: D:4-7

Altars:
Cheibriados
Dithmenos
Kikubaaqudgha
Qazlal
Vehumet
Xom

Shops:
D:5 :


Innate Abilities, Weirdness & Mutations

Your body is rotting away.
You thrive on raw meat.
You are immune to poison.
You have sharp fingernails.
You are carnivorous and can eat meat at any time.
Your flesh is cold resistant. (rC+)
You are immune to negative energy. (rN+++)
You do not regenerate when monsters are visible.
You are immune to unholy pain and torment.
You can survive without breathing.


Message History

The orc wizard hits you with a +0 club.
* * * LOW HITPOINT WARNING * * *
You barely miss the ice beast.
The ice beast is lightly wounded.
The ice beast misses you.
Eat a chunk of flesh? (ye/n/q)
You eat the chunk of flesh.
This raw flesh tastes great!
The orc wizard gestures wildly while chanting.
The orc wizard flickers and vanishes!
Deactivating autopickup; reactivate with Ctrl-A.
The ice beast misses you.
The crimson imp blinks!
Okay, then.
Something hits you.
* * * LOW HITPOINT WARNING * * *
The crimson imp blinks!
You see here a howler monkey corpse.
You butcher the howler monkey corpse.
The ice beast hits you.
* * * LOW HITPOINT WARNING * * *
The ice beast freezes you. You resist.
You die...

..........# ..........#
...######'# ######
...#...##.#######..#..#.
_......#.....#..5.......
.......#.....#......^...
.......#.....#§.........
..÷....#.....#.†).......
..#....#.....'..@..#
#.##..###...###Y{..#
#+##..#####'###o#####...
#......<........§.......
#........>..............
#.......................
#...####.##'####...##.##
#### .##. #...# # ...
#....


You could see an ice beast, a crimson imp and an orc.

Vanquished Creatures
  Eustachio (D:4)
  A hungry ghost (D:6)
  2 ogres
  A centaur (D:5)
  Blork the orc (D:5)
  2 scorpions (D:4)
  3 howler monkeys (D:6)
  A vampire bat (D:4)
  2 crimson imps
  A bullfrog zombie (D:5)
  3 hounds
  A jelly (D:3)
  An iguana (D:4)
  A statue (D:5)
  5 worker ants
  Robin (D:2)
  12 gnolls
  2 river rats (D:3)
  An adder (D:4)
  A shadow imp (D:6)
  An ooze (D:3)
  An adder skeleton (D:6)
  3 worms
  2 leopard geckos
  8 orcs
  A ball python (D:3)
  A bat skeleton (D:4)
  3 bat zombies (D:4)
  6 giant cockroaches
  11 goblins
  10 hobgoblins
  2 jackals (D:2)
  5 kobolds
  6 quokkas
  13 bats
  4 frilled lizards
  8 rats
128 creatures vanquished.

Notes
Turn   | Place    | Note
-------+----------+-------------------------------------------
     0 | D:1      | Borgoz the Ghoul Monk began the quest for the Orb.
     0 | D:1      | Reached XP level 1. HP: 19/19 MP: 0/0
   329 | D:1      | Reached XP level 2. HP: 14/25 MP: 1/1
   971 | D:2      | Noticed Robin
  1009 | D:2      | Reached XP level 3. HP: 11/33 MP: 2/2
  1015 | D:2      | HP: 1/33 [goblin[Robin] (4)]
  1137 | D:2      | Found a shimmering altar of Xom.
  1314 | D:2      | Killed Robin
  1314 | D:2      | Reached skill level 4 in Unarmed Combat
  1386 | D:2      | Reached XP level 4. HP: 16/40 MP: 3/3
  1725 | D:3      | Reached XP level 5. HP: 46/46 MP: 4/4
  1844 | D:3      | Reached skill level 5 in Unarmed Combat
  2087 | D:3      | Noticed an ogre
  2088 | D:3      | Found a snail-covered altar of Cheibriados.
  2091 | D:3      | Killed an ogre
  2091 | D:3      | Reached XP level 6. HP: 52/52 MP: 5/5
  2307 | D:3      | Reached skill level 6 in Unarmed Combat
  2699 | D:5      | Entered Level 5 of the Dungeon
  2699 | D:5      | Found Biofisid's Book Emporium.
  2740 | D:5      | Reached XP level 7. HP: 30/58 MP: 6/6
  2846 | D:4      | Found a shadowy altar of Dithmenos.
  2962 | D:4      | Reached skill level 7 in Unarmed Combat
  3072 | D:4      | Noticed Eustachio
  3085 | D:4      | Killed Eustachio
  3229 | D:4      | Reached XP level 8. HP: 26/67 MP: 7/7
  3605 | D:4      | Reached skill level 8 in Unarmed Combat
  3617 | D:4      | Found an ancient bone altar of Kikubaaqudgha.
  4206 | D:5      | Noticed Blork the orc
  4215 | D:5      | Killed Blork the orc
  4390 | D:5      | Found a radiant altar of Vehumet.
  4594 | D:6      | Found a stormy altar of Qazlal.
  4633 | D:6      | Reached skill level 5 in Dodging
  4691 | D:6      | Reached skill level 5 in Stealth
  4695 | D:6      | Reached skill level 9 in Unarmed Combat
  4716 | D:6      | Reached skill level 5 in Fighting
  4743 | D:6      | Slain by an ice beast

Levels and vault maps discovered:
D:1:      dpeg_arrival_long_road, layout_basic, minmay_tromino_v2
D:2:      layout_loops_ring, nicolae_overflow_crystal_walls, uniq_robin
D:3:      layout_basic, marbit_many_paths, portal_sewer_entry_b
D:4:      layout_gridville, kennysheep_vampire_church, kennysheep_mini,
          first_ration, minmay_joined_circles, uniq_eustachio
D:5:      layout_loops_cross, vehumet_statue, serial_shops, shop,
          uniq_blork_the_orc
D:6:      layout_gridville, minmay_temple_entry_overgrown,
          gammafunk_ghost_smash, basic_altar, serial_shops, kennysheep_mini_moat

Skill      XL: |  1  2  3  4  5  6  7  8 |
---------------+-------------------------+-----
Dodging        | 3 4 5 |  5.2
Unarmed Combat | 4 5 6 7 9 |  9.2
Stealth        | 3 4 5 |  5.2
Fighting       | 4 5 |  5.0

Action                   |  1- 3 |  4- 6 |  7- 9 || total
-------------------------+-------+-------+-------++-------
Melee: Unarmed           |   126 |   179 |   211 ||   516
       Punch             |     3 |     6 |     8 ||    17
  Use: Scroll            |     1 |       |     3 ||     4
       Potion            |     1 |       |     2 ||     3
 Stab: Distracted        |     2 |       |       ||     2
       Sleeping          |     4 |    10 |     6 ||    20
  Eat: Chunk             |    15 |    24 |    20 ||    59
Armor: Robe              |    21 |    41 |    37 ||    99
Dodge: Dodged            |    85 |   143 |   152 ||   380

Table legend:
 A = Non-vault XP
 B = Vault XP
 C = Vault XP percentage of total XP
 D = Non-vault monster count
 E = Vault monster count
 F = Vault count percentage of total count
                 A         B        C        D         E       F
            +---------+---------+-------+---------+---------+-------
      Total |    1377 |     776 |  36.0 |      92 |      36 |  28.1
            +---------+---------+-------+---------+---------+-------
        D:1 |      18 |       4 |  18.2 |      11 |       3 |  21.4
        D:2 |     107 |      33 |  23.6 |      26 |      10 |  27.8
        D:3 |     181 |     154 |  46.0 |      26 |       5 |  16.1
        D:4 |     245 |     462 |  65.3 |       8 |      16 |  66.7
        D:5 |     403 |     123 |  23.4 |      10 |       2 |  16.7
        D:6 |     423 |       0 |   0.0 |      11 |       0 |   0.0
            +---------+---------+-------+---------+---------+-------
